 Dungeon Crawl Stone Soup version 0.19.0-19-g8c6edcc (webtiles) character file.

99 Haldmier the Slasher (level 4, -4/29 HPs)
             Began as a High Elf Skald on Nov 13, 2016.
             Slain by Natasha (6 damage)
             ... on level 1 of the Dungeon.
             The game lasted 00:06:58 (1598 turns).

Haldmier the Slasher (High Elf Skald)               Turns: 1598, Time: 00:06:58

Health: -4/29      AC:  4    Str: 12    XL:     4   Next: 45%
Magic:  4/8        EV: 11    Int: 16    God:
Gold:   90         SH:  0    Dex: 14    Spells: 3 memorised, 1 level left

rFire  . . .     SeeInvis .     a - +0 falchion
rCold  . . .     Gourm    .     b - +0 leather armour
rNeg   . . .     Faith    .     (no shield)
rPois  .         Spirit   .     (no helmet)
rElec  .         Reflect  .     (no cloak)
rCorr  .         Harm     .     w - +0 pair of gloves
MR     .....                    (no boots)
Stlth  +.........               u - amulet of magic regeneration
                                (no ring)
                                (no ring)

@: shrouded, infused, slowed, very slow
A: no striking features
a: no special abilities


You were on level 1 of the Dungeon.
You were not hungry.

You visited 1 branch of the dungeon, and saw 2 of its levels.

You collected 90 gold pieces.

Inventory:

Hand Weapons
 a - a +0 falchion (weapon)
Armour
 b - a +0 leather armour (worn)
 e - a +0 ring mail
 w - a +0 pair of gloves (worn)
Jewellery
 u - an amulet of magic regeneration (around neck)
Scrolls
 i - 3 scrolls of identify {unknown}
 j - a scroll of amnesia {unknown}
 m - a scroll of magic mapping {unknown}
 p - a scroll of enchant armour {unknown}
 t - a scroll of recharging {unknown}
 v - a scroll of fear {unknown}
Potions
 h - 2 potions of brilliance {unknown}
 l - a potion of mutation {unknown}
 n - 3 potions of lignification {unknown}
 q - a potion of cure mutation {unknown}
 s - a potion of heal wounds {unknown}
Books
 c - a book of Battle

   Spells                             Type                      Level
   a - Infusion                       Charms                       1
   b - Shroud of Golubria             Charms/Translocation         2
   c - Song of Slaying                Charms                       2
   d - Spectral Weapon                Hexes/Charms                 3
   e - Regeneration                   Charms/Necromancy            3
Comestibles
 d - 2 bread rations
 f - a beef jerky
 g - 4 chunks of flesh
 k - a slice of pizza
 o - a meat ration
 r - 3 fruits


   Skills:
 - Level 2.0 Fighting
 + Level 4.6 Long Blades
 - Level 0.8 Armour
 - Level 1.1 Dodging
 - Level 2.4 Spellcasting
 * Level 1.2 Hexes
 - Level 3.6 Charms
 + Level 2.1 Translocations


You had one spell level left.
You knew the following spells:

 Your Spells              Type           Power        Failure   Level  Hunger
a - Infusion              Chrm           ##..         8%          1    #......
b - Shroud of Golubria    Chrm/Tloc      ##........   12%         2    ###....
c - Spectral Weapon       Hex/Chrm       #.......     28%         3    ###....


Dungeon Overview and Level Annotations

Branches:
Dungeon (2/15)

Altars:

Annotations:
D:1 Natasha
D:2 Jessica, Terence


Message History

Your shroud bends Natasha's attack away.
You barely miss Natasha.
Natasha is lightly wounded.
Natasha casts a spell at you.
You feel yourself slow down.
You closely miss Natasha.
Natasha is lightly wounded.
Natasha stares at you and mumbles some strange words.
You resist with some effort.
You hit Natasha!
Natasha is heavily wounded.
Natasha claws you!
* * * LOW HITPOINT WARNING * * *
Natasha wildly gestures.
Natasha glows brightly for a moment.
Natasha claws you.
* * * LOW HITPOINT WARNING * * *
A bat comes into view.
Natasha claws you.
You die...

#.......#####......[.#########.
#.####..# #.#.#.#.......# #.
#.##....# #........####.# #.
#.##.##.# #..#........#.# #.
#.##....# #..#..#..##.#.# #.
#.......#####..#......#.#.# #.
######.#..................# #.
#.#.....รท........#.######.
##.#......@#.##......).....
##........).h.##............
####..........[####............
#..............# #.....######.
#..............# #.....# #.
#..........##### ###.### #.
#.........b.####### #.# #.
#.#.......#.#.....###.# #.
#........##.#......##.# ###.


You could see Natasha and a bat.

Vanquished Creatures
  Natasha (twice) (D:2 D:1)
  An adder (D:2)
  A worm (D:2)
  A dart slug (D:1)
  2 giant cockroaches
  4 goblins
  4 hobgoblins
  4 jackals
  A ball python (D:2)
  3 bats
  4 frilled lizards
  4 kobolds
  6 rats
37 creatures vanquished.

Vanquished Creatures (others)
  A spectral weapon (D:2)
1 creature vanquished.

Grand Total: 38 creatures vanquished

Notes
Turn   | Place    | Note
-------+----------+-------------------------------------------
     0 | D:1      | Haldmier the High Elf Skald began the quest for the Orb.
     0 | D:1      | Reached XP level 1. HP: 14/14 MP: 4/4
   143 | D:1      | Reached skill level 3 in Long Blades
   269 | D:1      | Reached XP level 2. HP: 17/19 MP: 6/6
   279 | D:1      | Learned a level 2 spell: Shroud of Golubria
   735 | D:2      | Noticed Jessica
   743 | D:2      | Reached skill level 4 in Long Blades
   743 | D:2      | Reached XP level 3. HP: 17/24 MP: 0/7
  1041 | D:2      | Noticed Terence
  1194 | D:2      | Found a faded altar of an unknown god.
  1194 | D:2      | Noticed Natasha
  1199 | D:2      | Killed Natasha
  1199 | D:2      | Reached skill level 1 in Translocations
  1204 | D:2      | Learned a level 3 spell: Spectral Weapon
  1324 | D:2      | Reached XP level 4. HP: 20/29 MP: 6/8
  1550 | D:2      | Noticed Natasha
  1568 | D:1      | Killed Natasha
  1568 | D:1      | Reached skill level 1 in Hexes
  1592 | D:1      | Noticed Natasha
  1598 | D:1      | Slain by Natasha

Skill      XL: |  1  2  3  4 |
---------------+-------------+-----
Long Blades    | 3 4 |  4.6
Translocations | 1 2 |  2.1
Hexes          | 1 |  1.2
Fighting       | |  2.0
Armour         | |  0.8
Dodging        | |  1.1
Spellcasting   | |  2.4
Charms         | |  3.6

Action                   |  1- 3 |  4- 6 || total
-------------------------+-------+-------++-------
Melee: Falchion          |    87 |    28 ||   115
 Cast: Infusion          |    11 |     3 ||    14
       Shroud of Golubri |     1 |     2 ||     3
       Spectral Weapon   |       |     1 ||     1
 Stab: Sleeping          |     1 |       ||     1
  Eat: Chunk             |     2 |     1 ||     3
Armor: Leather armour    |    25 |    11 ||    36
Dodge: Dodged            |    57 |    17 ||    74
       Rpst.: Falchion   |    18 |     7 ||    25
